AoeStats
← audi

Arabia

509151167Analyzed
2v2 RM · 7d ago on Sep 25, 2026· 33m 5s· 4 players
Game mode
Random Map
Map size
Medium (4 player)
Population
200
Speed
Normal
Resources
Standard
Victory
Conquest
Starting age
Dark Age
Ending age
Imperial Age
RankedLock teamsTeams togetherTeam positionsShared explorationLock speedFull tech treeHidden civsTurbo modeCheats
Victory
Defeat
🇺🇸 Britons · United States
1146
+16
🇹🇷 Magyars · Türkiye
1097
+18
🇩🇰 Ethiopians · Denmark
1139
-17
🇩🇰 Celts · Denmark
1133
-17
AupairMann
9:55 Feudal Age
9:51 Loom
10:41 Double-Bit Axe
15:27 Fletching
23:24 Castle Age
22:38 Padded Archer Armor
23:29 Crossbowman
24:25 Thumb Ring
24:20 Bodkin Arrow
29:21 Ballistics
29:24 Ballistics
29:54 Leather Archer Armor
DjaFFer
11:19 Feudal Age
10:40 Loom
11:50 Double-Bit Axe
13:07 Horse Collar
19:10 Castle Age
18:23 Forging
18:16 Scale Mail Armor
18:03 Arson
18:24 Man-at-Arms
20:14 Bow Saw
21:16 Gambesons
22:11 Fletching
22:22 Long Swordsman
23:02 Town Watch
28:30 Bodkin Arrow
29:30 Chain Mail Armor
Nandor the Relenting
6:09 Loom
9:13 Feudal Age
9:50 Double-Bit Axe
13:16 Fletching
17:46 Town Watch
21:13 Castle Age
20:45 Gold Mining
20:37 Horse Collar
21:54 Bodkin Arrow
21:29 Crossbowman
25:42 Bow Saw
27:26 Ballistics
27:14 Padded Archer Armor
29:00 Wheelbarrow
30:40 Stone Mining
36:02 Imperial Age
audi
3:21 Loom
10:38 Feudal Age
13:17 Scale Barding Armor
13:26 Double-Bit Axe
16:40 Fletching
17:33 Wheelbarrow
16:42 Horse Collar
21:57 Castle Age
21:35 Bloodlines
23:14 Husbandry
24:11 Light Cavalry
26:30 Padded Archer Armor
27:10 Gold Mining
27:54 Town Watch
30:43 Bow Saw
Connection lost

Rejoining the realm…

Still unreachable

The connection could not be restored.

Session expired

The server has moved on; the page needs a fresh start.